 Dungeon Crawl Stone Soup version 0.13-a0-3092-g1832de8 (webtiles) character file.

44551 Malachi the Thaumaturge (level 13, -15/79 HPs)
             Began as a Mummy Wizard on Sept 17, 2013.
             Was a High Priest of Sif Muna.
             Killed from afar by 4tharraofdagon's ghost (39 damage)
             ... with a fireball
             ... on Level 7 of the Lair of Beasts on Sept 18, 2013.
             The game lasted 02:07:10 (39806 turns).

Malachi the Thaumaturge (Mummy Wizard)             Turns: 39806, Time: 02:07:10

HP -15/79        AC  6     Str 10      XL: 13   Next: 90%
MP  20/32        EV 17     Int 26      God: Sif Muna [*****.]
Gold 1205        SH  7     Dex 10      Spells:  9 memorised,  8 levels left

Res.Fire  : x . .   See Invis. : .   y - staff of conjuration
Res.Cold  : + . .   Warding    : +   g - +0 robe {MR+}
Life Prot.: + + +   Conserve   : .   s - +0 buckler
Res.Poison: +       Res.Corr.  : .   x - +0 wizard hat {Int+3}
Res.Elec. : .       Clarity    : .   A - +0 elf cloak
Sust.Abil.: . .     Spirit.Shd : .   l - +1 pair of dwarf gauntlets
Res.Mut.  : .       Stasis     : .   b - +0 pair of boots
Res.Rott. : +       Flight     : .   F - amulet of warding
Saprovore : . . .                    K - +4 ring of evasion
                                     U - +2 ring of intelligence

@: very resistant to hostile enchantments, stealthy
A: no food or potions, fire vulnerability, in touch with death, restore body,
cold resistance 1, life protection 3, poison resistance, torment resistance,
unbreathing
a: Self-Restoration, Channel Energy, Forget Spell, Renounce Religion


You were on level 7 of the Lair of Beasts.
You worshipped Sif Muna.
Sif Muna was exalted by your worship.
You were not hungry.

You visited 3 branches of the dungeon, and saw 20 of its levels.

You collected 1185 gold pieces.

Inventory:

Hand weapons
 h - a +1,+0 demon whip of electrocution
 j - a +2,+0 dagger of venom (quivered)
 N - the +8,+7 trident "Wigam" {antimagic, +Fly rElec rF++ rN+}
   (You found it on level 4 of the Lair of Beasts)

   It disrupts the flow of magical energy around spellcasters and certain
   magical creatures (including the wielder).
   It greatly protects you from fire.
   It insulates you from electricity.
   It protects you from negative energy.
   It lets you fly.
Armour
 b - a +0 pair of boots (worn)
 g - a +0 robe of magic resistance (worn)
 l - a +1 pair of dwarven gauntlets (worn)
 s - a +0 buckler (worn)
 x - a +0 wizard hat of intelligence (worn)
 A - a +0 elven cloak (worn)
Magical devices
 t - a wand of teleportation (6)
 C - a wand of magic darts (0)
 H - a wand of fire (6)
 M - a wand of polymorph (14)
 R - a wand of teleportation (5)
 Z - a wand of hasting (1)
Scrolls
 e - 2 scrolls of enchant weapon II
 f - 7 scrolls of remove curse
 n - 3 scrolls of enchant weapon I
 r - a scroll of fog
 v - a scroll of recharging
 J - 3 scrolls of amnesia
 L - 3 scrolls of magic mapping
 O - 2 scrolls of teleportation
 X - a scroll of blinking
Jewellery
 a - an uncursed amulet of conservation {unknown}
 k - an uncursed ring of protection from cold
 B - an uncursed ring of see invisible
 F - an amulet of warding (around neck)
 I - an uncursed ring of poison resistance {unknown}
 K - a +4 ring of evasion (right hand)
 U - a +2 ring of intelligence (left hand)
Books
 c - a book of Minor Magic

   Spells                             Type                      Level
   Magic Dart                         Conjuration                  1
   *Blink                             Translocation                2
   Call Imp                           Summoning                    2
   *Repel Missiles                    Charms/Air                   2
   Slow                               Hexes                        2
   *Conjure Flame                     Conjuration/Fire             3
   *Mephitic Cloud                    Conjuration/Poison/Air       3
 w - a book of Hinderance

   Spells                             Type                      Level
   Confusing Touch                    Hexes                        1
   Slow                               Hexes                        2
   Confuse                            Hexes                        3
   Petrify                            Transmutation/Earth          4
   Leda's Liquefaction                Hexes/Earth                  4
   Metabolic Englaciation             Hexes/Ice                    6
 D - a book of Wizardry

   Spells                             Type                      Level
   Summon Elemental                   Summoning                    4
   Agony                              Necromancy                   5
   Force Lance                        Conjuration                  5
   *Fireball                          Conjuration/Fire             5
   Haste                              Charms                       6
   Invisibility                       Hexes                        6
 G - a book of Beasts

   Spells                             Type                      Level
   *Summon Butterflies                Summoning                    1
   Sticks to Snakes                   Transmutation                2
   Call Canine Familiar               Summoning                    3
   Ice Form                           Ice/Transmutation            4
   *Summon Ice Beast                  Ice/Summoning                4
   Summon Hydra                       Summoning                    7
 P - a book of Annihilations {highlevel}

   This book is beyond your current level of understanding.

   Spells                             Type                      Level
   Poison Arrow                       Conjuration/Poison           6
   Orb of Destruction                 Conjuration                  7
   Chain Lightning                    Conjuration/Air              8
   Lehudib's Crystal Spear            Conjuration/Earth            8
   Ice Storm                          Conjuration/Ice              9
   Fire Storm                         Conjuration/Fire             9
 Q - the Guide on Necromancy and Enhancements
   (You found it on level 2 of the Lair of Beasts)

   Spells                             Type                      Level
   Animate Skeleton                   Necromancy                   1
   Song of Slaying                    Charms                       2
   Corpse Rot                         Necromancy                   2
   Animate Dead                       Necromancy                   4
   Excruciating Wounds                Charms/Necromancy            5
   Deflect Missiles                   Charms/Air                   6
 S - Sif Muna's Collected Works on Attacks
   (Sif Muna gifted it to you on level 4 of the Lair of Beasts)

   Spells                             Type                      Level
   Searing Ray                        Conjuration                  2
   Venom Bolt                         Conjuration/Poison           5
   Freezing Cloud                     Conjuration/Ice/Air          6
   Orb of Destruction                 Conjuration                  7
 T - a book of Conjurations

   Spells                             Type                      Level
   Magic Dart                         Conjuration                  1
   Searing Ray                        Conjuration                  2
   Dazzling Spray                     Conjuration/Hexes            3
   *Iskenderun's Mystic Blast         Conjuration                  4
   *Iskenderun's Battlesphere         Conjuration/Charms           4
   Fulminant Prism                    Conjuration/Hexes            5
Magical staves
 u - an uncursed staff of wizardry
 y - an uncursed staff of conjuration (weapon)
Miscellaneous
 p - an ornate deck of defence
 Y - a lamp of fire
Rods
 q - a +1 rod of fiery destruction (13/13)
   (You found it on level 3 of the Dungeon)


   Skills:
 + Level 1.6 Fighting
 + Level 1.0 Short Blades
 + Level 0.2 Maces & Flails
 + Level 0.7 Polearms
 + Level 0.5 Staves
 + Level 6.0 Dodging
 + Level 3.5 Stealth
 + Level 1.7 Shields
 + Level 12.2 Spellcasting
 + Level 9.2 Conjurations
 + Level 0.8 Charms
 + Level 2.8 Summonings
 + Level 1.2 Translocations
 + Level 4.2 Fire Magic
 + Level 3.9 Air Magic
 - Level 3.0 Poison Magic
 - Level 10.0 Invocations
 - Level 6.0 Evocations


You had 8 spell levels left.
You knew the following spells:

 Your Spells              Type           Power        Failure   Level  Hunger
a - Iskenderun's Mystic   Conj           #######.     1%          4    N/A
b - Blink                 Tloc           N/A          3%          2    N/A
c - Summon Ice Beast      Ice/Summ       ###.......   24%         4    N/A
d - Mephitic Cloud        Conj/Pois/Air  ######..     1%          3    N/A
e - Repel Missiles        Chrm/Air       ####......   2%          2    N/A
f - Conjure Flame         Conj/Fire      ######..     1%          3    N/A
g - Fireball              Conj/Fire      ######....   10%         5    N/A
h - Summon Butterflies    Summ           ####....     1%          1    N/A
i - Iskenderun's Battles  Conj/Chrm      ######..     6%          4    N/A

Dungeon Overview and Level Annotations

Branches:
Dungeon (12/27)            Temple (1/1) D:6             Orc (0/4) D:10
   Lair (7/8) D:11         Shoals (0/5) Lair:6        Snake (0/5) Lair:6
  Slime (0/6) Lair:6

Altars:
Ashenzari
Cheibriados
Elyvilon
Fedhas
Kikubaaqudgha
Makhleb
Nemelex Xobeh
Okawaru
Sif Muna
Trog
Vehumet
Xom
Yredelemnul
Zin
the Shining One

Annotations:
Lair:7 4tharraofdagon's ghost, experienced DjFE


Innate Abilities, Weirdness & Mutations

You do not eat or drink.
Your flesh is vulnerable to fire.
You are in touch with the powers of death.
You can restore your body by infusing magical energy.
Your flesh is cold resistant.
You are immune to negative energy.
Your system is resistant to poisons.
You are immune to unholy pain and torment.
You can survive without breathing.


Message History

The elephant appears confused.
An elephant comes into view.
Unknown command.
The elephant is engulfed in noxious fumes.
Casting: Mephitic Cloud
Confirm with . or Enter, or press ? or * to list all spells.
You can't see any susceptible monsters within range! (Use Z to cast anyway.) 4tharraofdagon's ghost mumbles some strange words. 4tharraofdagon's ghost seems to move somewhat quicker. 4tharraofdagon's ghost gestures at you while chanting.
The fireball explodes!
The fireball engulfs you! The fire burns you terribly!
Ouch! That really hurt!
The fireball engulfs your battlesphere.
Your battlesphere resists.
Read which item? (? for menu, Esc to quit)
As you read the scroll of fog, it crumbles to dust.
The scroll dissolves into smoke. 4tharraofdagon's ghost gestures at you while chanting.
The fireball explodes!
The fireball engulfs you! The fire burns you terribly!
You die...

...<.!..............##.........
....................#..........
..............................
......#.............P........
...>.......<..p......#......
......#....#.........#.....
..f.ff###..##...§..........f
..fff.........^§§§*..f.....ff
..f...........§§@§§^.^....#.ff
...........^...§§§...^......ff
................§............f
...............^...............
..............^^...............
#.##...........^..............Y
...##..P..^....^.^.^...^.§.§...
...............^.^.......§.Y..
..........!.....^........§.Y..


You could see 4tharraofdagon's ghost.

Vanquished Creatures
  Gastronok (D:8)
  6 hydras
  4 death yaks (Lair:4)
  5 hill giants
  A necromancer (Lair:6)
  Joseph (D:9)
  5 lindwurms
  A cyclops (D:11)
  An elephant (Lair:7)
  10 spiny frogs
  A black mamba (Lair:5)
  4 komodo dragons
  A polar bear (Lair:4)
  A hydra skeleton (D:12)
  4 two-headed ogres
  9 blink frogs
  A blink frog (shapeshifter) (D:12)
  5 hippogriffs
  2 sharks (D:12)
  4 ugly things (D:12)
  2 wyverns
  16 wolves
  32 yaks
  An elephant slug (Lair:5)
  2 hungry ghosts (D:12)
  4 swamp worms (Lair:4)
  4 vampire mosquitoes (D:12)
  2 manticores
  9 orc warriors
  9 porcupines
  3 nagas (Lair:6)
  2 black bears
  4 ogres
  A phantom (D:11)
  8 ice beasts
  5 sky beasts
  8 crocodiles
  7 centaurs
  2 boring beetles
  8 water moccasins
  4 giant slugs
  3 big kobolds
  23 giant frogs
  10 agate snails
  A manticore skeleton (D:10)
  A troll zombie (D:11)
  A jelly (D:11)
  A jellyfish (D:12)
  6 wights
  2 centaur zombies
  7 electric eels
  3 crimson imps
  6 orc priests
  A black bear zombie (D:9)
  A goliath beetle (D:7)
  A quasit (D:10)
  A big fish (Lair:4)
  18 orc wizards
  18 hounds
  7 orange rats (Lair:4)
  A black bear skeleton (D:7)
  A centaur skeleton (D:4)
  9 iguanas
  8 worker ants
  2 grizzly bear simulacra (Lair:6)
  2 scorpions
  21 sheep
  Ijyb (D:2)
  Jessica (D:2)
  A hound zombie (D:11)
  A big kobold skeleton (D:12)
  A hound skeleton (D:4)
  A mummy (D:10)
  41 green rats
  8 gnolls
  A white imp (D:8)
  21 adders
  A giant centipede (Lair:6)
  4 hound simulacra (Lair:6)
  16 worms
  5 giant mites
  An iguana skeleton (D:7)
  An adder skeleton (D:3)
  6 giant eyeballs
  4 sheep simulacra (Lair:6)
  77 orcs
  A ball python (D:1)
  3 giant cockroaches (D:2)
  20 hobgoblins
  30 kobolds
  13 quokkas
  28 bats
  10 giant geckos
  10 giant newts
  A giant spore (D:11)
  A gnoll zombie (D:6)
  22 goblins
  25 jackals
  A kobold zombie (D:8)
  3 orc skeletons
  An orc zombie (D:5)
  A quokka skeleton (D:10)
  26 rats
  A rat simulacrum (Lair:6)
  35 ballistomycetes
  A bush (Lair:1)
  4 fungi (Lair:6)
  3 plants
787 creatures vanquished.

Vanquished Creatures (collateral kills)
  An ugly thing (D:12)
  A sky beast (D:3)
  A green rat (Lair:1)
  A worm (D:5)
  An orc (D:11)
  A bat (D:8)
  A giant newt (D:5)
  A kobold (D:3)
8 creatures vanquished.

Vanquished Creatures (others)
  A fire drake (Lair:6)
  An orc warrior (D:10)
  5 crimson imps
  2 orc priests
  A gnoll (D:8)
  A giant centipede (D:10)
  2 white imps (D:9)
  A giant eyeball (D:12)
  4 orcs (D:10)
  10 giant spores
  2 ballistomycetes (D:12)
  6 fungi
  2 plants (Lair:4)
38 creatures vanquished.

Grand Total: 833 creatures vanquished

Notes
Turn   | Place    | Note
--------------------------------------------------------------
     0 | D:1      | Malachi, the Mummy Wizard, began the quest for the Orb.
     0 | D:1      | Reached XP level 1. HP: 11/11 MP: 5/5
   858 | D:1      | Reached XP level 2. HP: 17/17 MP: 0/7
  2447 | D:1      | Reached XP level 3. HP: 22/22 MP: 7/9
  2855 | D:2      | Reached skill level 1 in Conjurations
  3076 | D:2      | Reached skill level 4 in Spellcasting
  3346 | D:2      | Noticed Ijyb
  3367 | D:2      | Killed Ijyb
  3367 | D:2      | Reached XP level 4. HP: 11/28 MP: 3/12
  3822 | D:2      | Learned a level 2 spell: Blink
  3825 | D:2      | Learned a level 2 spell: Call Imp
  3828 | D:2      | Learned a level 2 spell: Repel Missiles
  3832 | D:2      | Learned a level 3 spell: Mephitic Cloud
  4929 | D:2      | Noticed Jessica
  4937 | D:2      | Killed Jessica
  5138 | D:3      | Reached XP level 5. HP: 33/33 MP: 9/14
  5255 | D:3      | Noticed a sky beast
  5287 | D:3      | Killed a sky beast
  5471 | D:3      | Identified a +0 rod of fiery destruction (12/12) (You found it on level 3 of the Dungeon)
  6012 | D:3      | Reached skill level 1 in Summonings
  6349 | D:4      | Reached XP level 6. HP: 39/39 MP: 9/16
  7292 | D:4      | Reached skill level 1 in Evocations
  7673 | D:5      | Entered Level 5 of the Dungeon
  7988 | D:5      | Reached skill level 5 in Spellcasting
  7988 | D:5      | Reached XP level 7. HP: 44/44 MP: 16/18
  8457 | D:5      | Learned a level 3 spell: Conjure Flame
  9415 | D:5      | Reached skill level 1 in Fighting
  9651 | D:6      | Noticed a two-headed ogre
  9750 | D:6      | Killed a two-headed ogre
  9750 | D:6      | Reached XP level 8. HP: 51/51 MP: 13/20
 10106 | D:6      | Found a staircase to the Ecumenical Temple.
 10115 | Temple   | Entered the Ecumenical Temple
 10284 | Temple   | Became a worshipper of Sif Muna the Loreminder
 10844 | D:6      | Paralysed by a giant eyeball for 3 turns
 10869 | D:6      | Reached skill level 1 in Air Magic
 11597 | D:6      | Reached skill level 6 in Spellcasting
 11725 | D:6      | Found a basalt altar of Yredelemnul.
 11725 | D:6      | Found a glowing silver altar of Zin.
 11960 | D:7      | Reached skill level 1 in Poison Magic
 12154 | D:7      | Acquired Sif Muna's first power
 12393 | D:7      | Found a bloodstained altar of Trog.
 13127 | D:8      | Noticed Gastronok
 13148 | D:8      | Killed Gastronok
 13148 | D:8      | Acquired Sif Muna's second power
 13148 | D:8      | Reached skill level 7 in Spellcasting
 13148 | D:8      | Reached skill level 1 in Fire Magic
 13148 | D:8      | Reached XP level 9. HP: 56/56 MP: 8/24
 13803 | D:8      | Paralysed by a giant eyeball for 2 turns
 14611 | D:8      | Reached skill level 5 in Conjurations
 14611 | D:8      | Reached XP level 10. HP: 58/62 MP: 15/25
 14928 | D:8      | Reached skill level 8 in Spellcasting
 16245 | D:9      | Noticed Joseph
 16274 | D:9      | Killed Joseph
 16641 | D:9      | Found a glowing golden altar of the Shining One.
 16803 | D:9      | Found a shattered altar of Ashenzari.
 16958 | D:10     | Entered Level 10 of the Dungeon
 17040 | D:10     | Reached skill level 5 in Invocations
 18292 | D:10     | Noticed a hill giant
 18317 | D:10     | Killed a hill giant
 18317 | D:10     | Reached skill level 9 in Spellcasting
 18505 | D:10     | Found a staircase to the Orcish Mines.
 18673 | D:10     | Reached XP level 11. HP: 67/67 MP: 25/28
 19034 | D:11     | Reached skill level 1 in Translocations
 19137 | D:11     | Acquired Sif Muna's third power
 19837 | D:11     | Found a staircase to the Lair.
 20035 | D:11     | Reached skill level 1 in Shields
 20668 | D:11     | Noticed a hill giant
 20679 | D:11     | Killed a hill giant
 21412 | D:11     | Noticed a hill giant
 21434 | D:11     | Killed a hill giant
 21434 | D:11     | Reached skill level 5 in Evocations
 22388 | D:12     | Reached skill level 5 in Dodging
 22961 | D:12     | Reached skill level 1 in Short Blades
 23526 | D:12     | Reached skill level 10 in Spellcasting
 23917 | D:12     | Reached XP level 12. HP: 50/74 MP: 13/30
 24002 | D:12     | Noticed a hill giant
 24013 | D:12     | Killed a hill giant
 24291 | D:12     | Paralysed by a giant eyeball for 3 turns
 24297 | D:12     | Paralysed by a giant eyeball for 4 turns
 25735 | Lair:1   | Entered Level 1 of the Lair of Beasts
 25831 | Lair:1   | Upgraded the game from 0.13-a0-3076-g221303f to 0.13-a0-3092-g1832de8
 27178 | Lair:1   | Learned a level 5 spell: Fireball
 27183 | Lair:1   | Learned a level 4 spell: Summon Ice Beast
 28000 | Lair:2   | Learned a level 1 spell: Summon Butterflies
 30151 | Lair:3   | Reached skill level 11 in Spellcasting
 30539 | Lair:4   | Got a sapphire trident
 30543 | Lair:4   | Identified the trident "Wigam" {antimagic, +Fly rElec rF++ rN+} (You found it on level 4 of the Lair of Beasts)
 30668 | Lair:2   | Identified the Guide on Necromancy and Enhancements
 30821 | Lair:4   | Received a gift from Sif Muna
 30853 | Lair:4   | Identified Sif Muna's Collected Works on Attacks (Sif Muna gifted it to you on level 4 of the Lair of Beasts)
 31054 | Lair:4   | Learned a level 2 spell: Searing Ray
 31061 | Lair:4   | Learned a level 5 spell: Venom Bolt
 32398 | Lair:4   | Noticed an eight-headed hydra
 32403 | Lair:4   | Killed an eight-headed hydra
 32766 | Lair:4   | Reached XP level 13. HP: 79/79 MP: 26/32
 33378 | Lair:3   | Noticed an eight-headed hydra
 33383 | Lair:3   | Killed an eight-headed hydra
 33591 | Lair:4   | Learned a level 4 spell: Iskenderun's Mystic Blast
 36859 | Lair:6   | Found a staircase to the Shoals.
 37069 | Lair:6   | Found a staircase to the Snake Pit.
 37982 | Lair:6   | Reached skill level 12 in Spellcasting
 38251 | Lair:6   | Reached skill level 10 in Invocations
 38363 | Lair:6   | Found a staircase to the Slime Pits.
 38982 | Lair:6   | Learned a level 4 spell: Iskenderun's Battlesphere
 39263 | Lair:7   | Noticed 4tharraofdagon's ghost (experienced DjFE)
 39806 | Lair:7   | Killed from afar by 4tharraofdagon's ghost

Action                   |  1- 3 |  4- 6 |  7- 9 | 10-12 | 13-15 || total
-------------------------+-------+-------+-------+-------+-------++-------
Melee: Unarmed           |     4 |       |       |       |       ||     4
       Short sword       |    43 |       |       |       |       ||    43
       Dagger            |    31 |    61 |    46 |   555 |       ||   693
       Rod               |       |     4 |     2 |    19 |       ||    25
       Glaive            |       |       |    22 |       |       ||    22
       Staff             |       |       |    12 |     1 |     2 ||    15
 Cast: Magic Dart        |    96 |   149 |   365 |   639 |       ||  1249
       Call Imp          |       |     8 |     3 |    32 |       ||    43
       Mephitic Cloud    |       |     3 |    75 |   155 |    27 ||   260
       Conjure Flame     |       |       |    15 |   111 |    16 ||   142
       Repel Missiles    |       |       |     1 |     3 |       ||     4
       Blink             |       |       |       |    14 |     4 ||    18
       Fireball          |       |       |       |   123 |    60 ||   183
       Venom Bolt        |       |       |       |    26 |     9 ||    35
       Summon Butterflie |       |       |       |     6 |       ||     6
       Summon Ice Beast  |       |       |       |     4 |       ||     4
       Searing Ray       |       |       |       |     1 |    29 ||    30
       Iskenderun's Myst |       |       |       |       |   184 ||   184
       Iskenderun's Batt |       |       |       |       |    16 ||    16
Invok: Channel Energy    |       |       |    73 |   310 |   162 ||   545
       Forget Spell      |       |       |       |     1 |     1 ||     2
 Abil: Evoke Flight      |       |       |       |     1 |       ||     1
Evoke: Rod               |       |    12 |    17 |    86 |     5 ||   120
       Wand              |       |       |       |     5 |     3 ||     8
  Use: Scroll            |       |       |     8 |    26 |     5 ||    39
 Stab: Sleeping          |       |       |     1 |       |       ||     1
       Confused          |       |       |     1 |     2 |       ||     3
